 Dungeon Crawl Stone Soup version 0.30-a0-359-gd0147acb1a (webtiles) character file.

Game seed: 3628734817210418

506 LnG the Sneak (level 7, -3/38 HPs)
             Began as a Kobold Summoner on Nov 11, 2022.
             Was an Initiate of Dithmenos.
             Killed by divine providence
             ... invoked by an orc priest
              (12 damage)
             ... on level 5 of the Dungeon.
             The game lasted 00:10:03 (3781 turns).

LnG the Sneak (Kobold Summoner)                     Turns: 3781, Time: 00:10:04

Health: -3/38      AC:  6    Str:  5    XL:     7   Next: 41%
Magic:  6/11       EV: 17    Int: 18    God:    Dithmenos [......]
Gold:   264        SH:  0    Dex: 22    Spells: 3/12 levels left

rFire   . . .      SeeInvis .    x - +0 dagger (vamp)
rCold   . . .      Faith    .    (no shield)
rNeg    . . .      Spirit   .    a - +0 robe
rPois   .          Reflect  .    f - +1 helmet
rElec   .          Harm     .    o - +0 cloak
rCorr   .          Rampage  .    y - +0 pair of gloves
Will    .....                    (no boots)
Stlth   +++++.....               (no amulet)
HPRegen 0.26/turn                B - +6 ring of dexterity
MPRegen 0.12/turn                v - ring of wizardry

@: no status effects
A: small, no large weapons, nightstalker 3
a: Renounce Religion


You were on level 5 of the Dungeon.
You worshipped Dithmenos.
Dithmenos was noncommittal.
You visited 2 branches of the dungeon, and saw 6 of its levels.

You collected 264 gold pieces.

Inventory:

Hand Weapons
 e - a +0 short sword
 x - a +0 vampiric dagger (weapon)
Armour
 a - a +0 robe (worn)
 f - a +1 helmet (worn)
 j - a +0 hat
 o - a +0 cloak (worn)
 y - a +0 pair of gloves (worn)
Jewellery
 c - a ring of ice
 k - an amulet of faith
 p - a ring of flight
 v - a ring of wizardry (right hand)
 B - a +6 ring of dexterity (left hand)
Wands
 t - a wand of light (4)
 z - a wand of paralysis (20)
Scrolls
 g - a scroll of fog
 i - a scroll of fear
 q - a scroll of teleportation
 r - a scroll of brand weapon {unknown}
 u - a scroll of poison {unknown}
 C - a scroll of blinking {unknown}
Potions
 b - a potion of magic
 d - 2 potions of mutation {unknown}
 h - 2 potions of heal wounds {unknown}
 l - 2 potions of degeneration {unknown}
 m - 3 potions of haste {unknown}
 n - 2 potions of curing {unknown}
 s - 2 potions of attraction {unknown}
 w - a potion of cancellation {unknown}
 A - 2 potions of lignification {unknown}


   Skills:
 + Level 1.4 Fighting
 + Level 3.2 Short Blades
 * Level 4.1 Dodging
 * Level 7.3 Stealth
 + Level 3.1 Spellcasting
 + Level 4.8 Summonings


You had 3 spell levels left.
You knew the following spells:

 Your Spells              Type           Power      Damage    Failure   Level
a - Summon Small Mammal   Summ           80%        N/A       1%          1
b - Call Imp              Summ           20%        N/A       1%          2
c - Call Canine Familiar  Summ           20%        N/A       2%          3
d - Summon Guardian Gole  Hex/Summ       11%        N/A       8%          3

Your spell library contained the following spells:

 Spells                   Type           Power      Damage    Failure   Level
 Tukima's Dance           Hex            2%         N/A       19%         3
 Summon Lightning Spire   Summ/Air       11%        N/A       24%         4
 Passage of Golubria      Tloc           2%         N/A       52%         4
 Yara's Violent Unravell  Hex/Tmut       1%         3d3       85%         5


Dungeon Overview and Level Annotations

Branches:
Dungeon (5/15)             Temple (1/1) D:4

Altars:
Dithmenos
Elyvilon
Fedhas
Hepliaklqana
Makhleb
Ru
Sif Muna
Wu Jian
The Shining One

Annotations:
Temple 4 transporters


Innate Abilities, Weirdness & Mutations

You are small and have problems with some larger weapons.
You are completely attuned to the shadows.


Message History

The orc priest closely misses your crimson imp.
The orc priest barely misses your crimson imp.
Your crimson imp misses the orc priest.
The orc priest barely misses your crimson imp.
The orc priest hits your crimson imp with a +0 flail.
Your crimson imp hits the orc priest.
Items here: ( ) [ †.
You swap places.
The orc priest hits you but does no damage.
The orc priest hits you with a +0 flail.
There is an open door, spattered with blood here.
Things that are here:
a +0 whip; a +0 leather armour; an orc corpse You hit the orc priest but do no damage.
The orc priest is lightly wounded.
The orc priest closely misses you.
The orc priest hits you but does no damage.
You hit the orc priest.
The orc priest is moderately wounded.
The orc priest mumbles some strange prayers to Beogh against you.
Beogh smites you!
The orc priest mumbles some strange prayers to Beogh against you.
Beogh smites you!
* * * LOW HITPOINT WARNING * * *
You swap places.
Your crimson imp blinks!
The orc priest calls upon Beogh to heal the orc priest.
The orc priest's wounds heal themselves!
Items here: ( ) [ †.
The orc priest attacks as you move away!
The orc priest completely misses you.
The orc priest closely misses your hound.
Unknown command.
Your crimson imp blinks!
There is an open door here.
Unknown command.
Your hound bites the orc priest but does no damage.
The orc priest calls down the wrath of Beogh upon you.
Beogh smites you!
You die...

.......# .......#
#...#### +...))o#
#...##.#.#
#..o##o#.#.##
#...'..#.#<.
#..h####.#.########
#...@....#.........
#######........####
#.....).######.....
#######.# #..###
...##.# +..# #.##.#
+..## #+###..#.#
#...#
.........######.#..#
......#.........#....


You could see an orc priest (ally target) and a friendly hound (summoned).

Vanquished Creatures
  An ogre (D:4)
  2 hounds (D:4)
  Jessica (D:3)
  An orc wizard (D:3)
  7 adders
  3 dart slugs
  An orc (D:4)
  5 bats
  6 endoplasms
  2 giant cockroaches (D:2)
  6 goblins (D:1)
  5 hobgoblins
  3 quokkas
  6 ball pythons
  3 frilled lizards
  7 kobolds
  6 rats
65 creatures vanquished.

Vanquished Creatures (collateral kills)
  An ice beast (D:3)
  2 orc wizards (D:4)
  An adder (D:2)
  A worm (D:4)
  A dart slug (D:1)
  4 orcs
  3 endoplasms
  A hobgoblin (D:1)
  2 ball pythons (D:1)
  4 kobolds
20 creatures vanquished.

Vanquished Creatures (others)
  An orc wizard (D:4)
1 creature vanquished.

Grand Total: 86 creatures vanquished

Notes
Turn   | Place    | Note
-------+----------+-------------------------------------------
     0 | D:1      | LnG the Kobold Summoner began the quest for the Orb.
     0 | D:1      | Reached XP level 1. HP: 10/10 MP: 3/3
   107 | D:1      | Reached skill level 3 in Stealth
   128 | D:1      | Reached XP level 2. HP: 7/15 MP: 0/5
   132 | D:1      | Learned a level 2 spell: Call Imp
   404 | D:1      | Reached XP level 3. HP: 19/19 MP: 6/6
   408 | D:1      | Learned a level 3 spell: Call Canine Familiar
   965 | D:2      | Reached skill level 4 in Stealth
   965 | D:2      | Reached XP level 4. HP: 23/24 MP: 7/7
  1110 | D:2      | Reached skill level 1 in Short Blades
  1545 | D:2      | Found a faded altar of an unknown god.
  1603 | D:2      | Reached skill level 1 in Fighting
  1769 | D:3      | Reached XP level 5. HP: 29/29 MP: 8/8
  1892 | D:3      | Identified the +1 ring mail "Num Elix" {-Cast Str+5}
  2112 | D:3      | Noticed an ice beast
  2294 | D:3      | Killed an ice beast
  2295 | D:3      | Reached skill level 5 in Stealth
  2295 | D:3      | Reached XP level 6. HP: 19/34 MP: 0/10
  2479 | D:3      | Learned a level 3 spell: Summon Guardian Golem
  2480 | D:3      | Noticed Jessica
  2484 | D:3      | Killed Jessica
  2803 | D:4      | Noticed an ogre
  2805 | D:4      | Killed an ogre
  2806 | D:4      | Reached skill level 6 in Stealth
  2879 | D:4      | Reached XP level 7. HP: 38/38 MP: 8/11
  3199 | D:4      | Found a staircase to the Ecumenical Temple.
  3205 | Temple   | Entered the Ecumenical Temple
  3208 | Temple   | Found a transporter.
  3208 | Temple   | Found a transporter.
  3210 | Temple   | Found a transporter.
  3210 | Temple   | Found a transporter.
  3223 | Temple   | Became a worshipper of Dithmenos the Shadowed
  3359 | D:4      | Reached skill level 7 in Stealth
  3600 | D:5      | Entered Level 5 of the Dungeon
  3781 | D:5      | Killed from afar by an orc priest

Illustrated notes

Levels and vault maps discovered:
D:1:      dpeg_arrival_rooms_with_view, layout_rooms
D:2:      layout_rooms, dreamdust_ecumenical_altar_angels_and_demons,
          st_stairs_8, kennysheep_cross_bottleneck
D:3:      layout_loops_ring, uniq_jessica
D:4:      layout_loops_ring, minmay_temple_entry_glass
D:5:      layout_basic, general_overflow_altar, nicolae_hexahallways,
          corexii_corridor_pit, uniq_edmund
Temple:   hellmonk_temple_divided_pantheon

Skill      XL: |  1  2  3  4  5  6  7 |
---------------+----------------------+-----
Stealth        | 3 4 5 6 7 |  7.3
Short Blades   | 2 3 |  3.2
Dodging        | 3 4 |  4.1
Fighting       | 1 |  1.4
Spellcasting   | 3 |  3.1
Summonings     | |  4.8

Action                   |  1- 3 |  4- 6 |  7- 9 || total
-------------------------+-------+-------+-------++-------
Melee: Short sword       |   105 |    89 |       ||   194
       Punch             |     2 |     1 |       ||     3
       Dagger            |       |     7 |    36 ||    43
 Cast: Summon Small Mamm |     7 |     1 |       ||     8
       Call Imp          |     2 |     3 |     2 ||     7
       Call Canine Famil |     3 |     6 |     5 ||    14
  Use: Scroll            |       |     5 |     1 ||     6
 Stab: Sleeping          |    12 |    15 |     6 ||    33
       Distracted        |     1 |     1 |     1 ||     3
Armor: Robe              |    19 |     9 |     6 ||    34
Dodge: Dodged            |    70 |    68 |    22 ||   160

Table legend: (Time is in decaauts)
 A = Elapsed time spent in this place.
 B = Non-inter-level travel time spent in this place.
 C = Inter-level travel time spent in this place.
 D = Time resting spent in this place.
 E = Time spent auto-exploring this place.
 F = Levels seen in this place.
 G = Mean time per level.
                   A        B        C        D        E       F      G
               +--------+--------+--------+--------+--------+-----+--------+
         Total |   3763 |   3723 |     40 |    139 |   2761 |   6 |  627.2 |
       Dungeon |   3726 |   3703 |     23 |    139 |   2752 |   5 |  745.2 |
        Temple |     36 |     19 |     17 |      0 |      9 |   1 |   36.0 |
               +--------+--------+--------+--------+--------+-----+--------+

Top non-repeatable levels by time:
     D:3: 998 daAuts
     D:1: 939 daAuts
     D:4: 865 daAuts
     D:2: 742 daAuts
     D:5: 180 daAuts
  Temple: 36 daAuts
